 Dungeon Crawl Stone Soup version 0.27.0-1-g7a089689b8 (webtiles) character file.

Game seed: 11861492999054298

105 pkoi the Slasher (level 4, 0/39 HPs)
             Began as a Minotaur Fighter on Aug 12, 2021.
             Was a Believer of Yredelemnul.
             Succumbed to a water moccasin's poison
             ... on level 3 of the Dungeon.
             The game lasted 00:02:37 (2318 turns).

pkoi the Slasher (Minotaur Fighter)                 Turns: 2318, Time: 00:02:38

Health: 0/39       AC:  6    Str: 21    XL:     4   Next: 53%
Magic:  3/3        EV:  7    Int:  5    God:    Yredelemnul [**....]
Gold:   75         SH:  9    Dex: 10    Spells: 3/3 levels left

rFire    . . .     SeeInvis .   r - +0 dagger (venom)
rCold    . . .     Faith    .   c - +0 kite shield
rNeg     . . .     Spirit   .   b - +0 scale mail
rPois    .         Reflect  .   (helmet restricted)
rElec    .         Harm     .   (no cloak)
rCorr    .         Rampage  .   (no gloves)
Will     .....                  (no boots)
Stlth    ..........             (no amulet)
HPRegen  0.13/turn              (no ring)
MPRegen  0.08/turn              (no ring)

@: lethally poisoned (0 -> -22)
A: horns 2, retaliatory headbutt
a: Renounce Religion, Animate Remains, Recall Undead Slaves, Injury Mirror


You were on level 3 of the Dungeon.
You worshipped Yredelemnul.
Yredelemnul was pleased with you.
You visited 1 branch of the dungeon, and saw 3 of its levels.

You collected 75 gold pieces.

Inventory:

Hand Weapons
 a - a +0 long sword
 r - a +0 dagger of venom (weapon)
Armour
 b - a +0 scale mail (worn)
 c - a +0 kite shield (worn)
Jewellery
 k - a ring of flight
Wands
 p - a wand of polymorph (6)
Scrolls
 f - 2 scrolls of blinking {unknown}
 h - a scroll of enchant armour {unknown}
 i - a scroll of amnesia {unknown}
 j - 2 scrolls of teleportation {unknown}
 l - a scroll of identify {unknown}
 q - a scroll of summoning {unknown}
Potions
 d - 2 potions of might
 e - a potion of cancellation {unknown}
 g - a potion of lignification {unknown}
 m - a potion of attraction {unknown}
 n - a potion of brilliance {unknown}


   Skills:
 - Level 3.6 Fighting
 + Level 5.9 Long Blades
 - Level 3.6 Armour
 - Level 3.6 Shields


You had 3 spell levels left.
You didn't know any spells.
Your spell library contained the following spells:

 Spells                   Type           Power      Damage    Failure   Level
 Fulminant Prism          Conj/Hex       0%         3d6       100%        4
 Iskenderun's Mystic Bla  Conj/Tloc      0%         2d3       100%        4
 Lee's Rapid Deconstruct  Erth           0%         3d5*      100%        5


Dungeon Overview and Level Annotations

Branches:
Dungeon (3/15)

Altars:
Yredelemnul

Shops:
D:2 [

Annotations:
D:3 1 runed translucent door, Crazy Yiuf, Sigmund


Innate Abilities, Weirdness & Mutations

You have a pair of horns on your head.
You reflexively headbutt those who attack you in melee.


Message History

Your headbutt misses the water moccasin.
The water moccasin bites you! You block the jackal's attack.
You block the water moccasin's attack.
You closely miss the water moccasin. You block the jackal's attack.
The water moccasin barely misses you. You furiously retaliate!
You headbutt the water moccasin!
The jackal bites you but does no damage.
You hit the water moccasin.
The water moccasin is poisoned.
The water moccasin is heavily wounded.
The water moccasin bites you but does no damage.
You block the jackal's attack. The water moccasin bites you.
You are poisoned.
The water moccasin poisons you!
You hit the water moccasin but do no damage.
The water moccasin is heavily wounded.
You feel very sick. You block the water moccasin's attack.
The jackal bites you but does no damage. x2
The water moccasin barely misses you.
You hit the water moccasin.
The water moccasin looks even sicker.
You headbutt the water moccasin, but do no damage.
The water moccasin is severely wounded.
You feel sick. The water moccasin bites you. The jackal closely misses you.
Sigmund hits you but does no damage.
You hit the water moccasin but do no damage.
You headbutt the water moccasin.
The water moccasin is severely wounded.
You feel sick. The jackal closely misses you. You furiously retaliate!
You headbutt the jackal, but do no damage.
The water moccasin bites you!
* * * LOW HITPOINT WARNING * * *
You are lethally poisoned!
The water moccasin poisons you!
Sigmund laughs darkly.
Sigmund hits you from afar with a +0 scythe.
* * * LOW HITPOINT WARNING * * *
A jackal comes into view.
The jackal bites you but does no damage.
You die...
Your body rises from the dead as a mindless zombie.

####.>#..# # ....###.# #.
###..#†.# ###.####.....#
... .............# ..#
###.#.#......# ..#
#........# ..# #.#....<.#
..####### ####.#@##....>#
.................)S....##
#.##.##>##....##h##.#.##
#.##.##.##... ..@.......
#.##.##$###.....h. ..[...
........).......#.. ##.
#.##.######....# #.
#.##.# #.... .. #....#
#..#.


You could see Sigmund, a water moccasin (very poisoned) and 2 jackals.

Vanquished Creatures
  Robin (D:3)
  An adder (D:3)
  3 worms (D:2)
  3 dart slugs
  3 orcs
  3 ball pythons (D:1)
  7 endoplasms
  2 giant cockroaches (D:2)
  10 goblins
  9 hobgoblins
  4 jackals (D:1)
  3 quokkas
  A bat (D:1)
  2 frilled lizards (D:1)
  A kobold (D:2)
  10 rats
63 creatures vanquished.

Vanquished Creatures (others)
  An orc zombie (D:3)
  A quokka zombie (D:3)
  A fungus (D:3)
3 creatures vanquished.

Grand Total: 66 creatures vanquished

Notes
Turn   | Place    | Note
-------+----------+-------------------------------------------
     0 | D:1      | pkoi the Minotaur Fighter began the quest for the Orb.
     0 | D:1      | Reached XP level 1. HP: 19/19 MP: 0/0
    69 | D:1      | Reached skill level 3 in Long Blades
    97 | D:1      | Reached XP level 2. HP: 22/26 MP: 1/1
   288 | D:1      | Found a faded altar of an unknown god.
   306 | D:1      | Reached skill level 4 in Long Blades
   306 | D:1      | Became a worshipper of Yredelemnul the Dark
   306 | D:1      | Reached * piety under Yredelemnul
   365 | D:1      | Reached XP level 3. HP: 21/31 MP: 2/2
   809 | D:2      | Reached ** piety under Yredelemnul
   861 | D:2      | Found Xeadinn's Antique Armour Boutique.
   943 | D:2      | Reached skill level 5 in Long Blades
  1331 | D:3      | Noticed Sigmund
  1506 | D:3      | Reached XP level 4. HP: 39/39 MP: 3/3
  1848 | D:3      | Found a runed translucent door.
  1849 | D:3      | Noticed Crazy Yiuf
  1882 | D:3      | Noticed Robin
  1937 | D:3      | Killed Robin
  2310 | D:3      | Noticed a water moccasin
  2318 | D:3      | Succumbed to a water moccasin's poison

Illustrated notes

Levels and vault maps discovered:
D:1:      minmay_arrival_glassed_features, layout_loops_ring,
          dreamdust_ecumenical_altar_statues
D:2:      layout_rooms, serial_shops, nicolae_shop_behind_doors,
          minmay_pentomino_s2
D:3:      minmay_chambers_of_threes, layout_loops_ring,
          okawaru_ov_weapons_minmay, due_unseen_surprise, uniq_robin,
          uniq_crazy_yiuf_cottage, uniq_sigmund

Skill      XL: |  1  2  3 |
---------------+----------+-----
Long Blades    | 3 4 5 |  5.9
Fighting       | |  3.6
Armour         | |  3.6
Shields        | |  3.6

Action                   |  1- 3 |  4- 6 || total
-------------------------+-------+-------++-------
Melee: Long sword        |   104 |    29 ||   133
       Headbutt          |    12 |     5 ||    17
       Dagger            |       |    10 ||    10
Invok: Animate Remains   |     2 |     2 ||     4
Armor: Scale mail        |    43 |    19 ||    62
Dodge: Dodged            |    29 |    16 ||    45
Block: Kite shield       |    43 |    24 ||    67
       Rpst.: Long sword |     9 |     3 ||    12
